 Dungeon Crawl Stone Soup version 0.31-a0-175-g9f7f995f2b (webtiles) character file.

Game seed: 13073097866504983694

560 qw the Shooter (level 7, 0/64 HPs)
             Began as a Naga Hunter on June 17, 2023.
             Slain by a gnoll
             ... wielding a +0 flail
             ... led by a gnoll bouda
              (11 damage)
             ... on level 5 of the Dungeon.
             The game lasted 00:01:13 (3286 turns).

qw the Shooter (Naga Hunter)                        Turns: 3286, Time: 00:01:13

Health: 0/64       AC:  4    Str: 19    XL:     7   Next: 31%
Magic:  7/7        EV: 10    Int: 10    God:
Gold:   209        SH:  0    Dex: 14    Spells: 6/6 levels left

rFire   . . .        Y - +2 shortbow
rCold   . . .        (shield currently unavailable)
rNeg    . . .        c - +0 leather armour
rPois   +            d - +0 helmet
rElec   .            (no cloak)
rCorr   .            (no gloves)
SInv    +            (no barding)
Will    .....        (no amulet)
Stlth   ++           a - +6 ring of strength
HPRegen 0.30/turn    (no ring)
MPRegen 0.10/turn

%: no passive effects
@: short of breath, weakened, very slow
A: AC +2, large, see invisible, deformed body, poison resistance, slowness 2,
spit poison 1, naga tail 1, clumsy 1
a: Spit Poison


You were on level 5 of the Dungeon.
You visited 1 branch of the dungeon, and saw 5 of its levels.

You collected 209 gold pieces.


Innate Abilities, Weirdness & Mutations

Your serpentine skin is tough. (AC +2)
You have supernaturally acute eyesight. (SInv)
Armour fits poorly on your strangely shaped body.
Your system is resistant to poisons. (rPois)
You cover ground very slowly.
You can spit poison.
You have a snake-like lower body.
You are clumsy. (Dex -2)


   Skills:
 - Level 4.0 Fighting
 - Level 7.0 Ranged Weapons
 + Level 1.9 Dodging
 - Level 1.5 Stealth


You had 6 spell levels left.
You didn't know any spells.
Your spell library was empty.

Inventory:

Hand Weapons
 Y - a +2 shortbow (weapon)
Armour
 c - a +0 leather armour (worn)
 d - a +0 helmet (worn)
Jewellery
 a - a +6 ring of strength (left hand)
Potions
 b - 2 potions of mutation
 e - a potion of curing
 f - a potion of lignification {unknown}
 g - a potion of heal wounds
 h - a potion of berserk rage {unknown}
 i - a potion of might {unknown}
 j - a potion of cancellation {unknown}

Dungeon Overview and Level Annotations

Branches:
Dungeon (5/15)
 Temple: D:4-7

Altars:
Makhleb
Wu Jian


Message History

The gnoll bouda hits you but does no damage.
3280 ||| INVOKING Spit Poison.
Aiming: Spit Poison (1% risk of failure)
Press: ? - help, Shift-Dir - straight line, f/p - gnoll bouda The splash of poison misses the gnoll bouda.
The gnoll is no longer moving quickly.
The gnoll hits you with a +0 flail!
The gnoll bouda barks out a call to the hunt!
The gnoll picks up the pace!
You shoot an arrow.
The arrow closely misses the gnoll bouda.
The gnoll hits you with a +0 flail! The gnoll bouda barely misses you.
The gnoll barely misses you.
You shoot an arrow. The arrow hits the gnoll bouda.
The gnoll bouda is moderately wounded.
You have got your breath back.
The gnoll bouda hits you with a +0 club.
The gnoll barely misses you.
3283 ||| DRINKING 2 potions of heal wounds.
You feel much better.
Your attacks no longer feel as feeble.
The gnoll bouda hits you with a +0 club.
The gnoll hits you with a +0 flail.
3284 ||| INVOKING Spit Poison.
Aiming: Spit Poison (1% risk of failure)
Press: ? - help, Shift-Dir - straight line, f/p - gnoll bouda The splash of poison hits the gnoll bouda.
The gnoll bouda is heavily wounded.
The gnoll bouda barely misses you. The gnoll hits you with a +0 flail!
You shoot an arrow. The arrow hits the gnoll bouda.
The gnoll bouda is severely wounded.
An orc wizard comes into view. It is wielding a +0 dagger.
The gnoll bouda gazes fiercely through you!
You feel your attacks grow feeble.
The gnoll bouda hits you with a +0 club.
The gnoll hits you but does no damage.
You shoot an arrow.
The arrow closely misses the gnoll bouda.
The gnoll bouda hits you with a +0 club.
The gnoll hits you with a +0 flail!
You die...

#/# #.# ## ... .#
#.# #.### #.#
.... ..# #.# ..#
...#.##g##..#
..o)fggg@...####.
.#...g###........
###.. #....###.
#.o..###..#.###.
.o #............
.. ###.##.......
. ####....#######
..#.#### #.#.#


You could see a sleepcap, a gnoll bouda, an orc wizard and 4 gnolls.

Vanquished Creatures
  An ogre (D:5)
  2 scorpions
  A jelly (D:4)
  3 hounds
  An orc priest (D:5)
  An iguana (D:4)
  An orc wizard (D:5)
  7 adders
  An ufetubus (D:4)
  4 dart slugs (D:3)
  7 orcs
  8 bats
  6 endoplasms
  A giant cockroach (D:4)
  5 goblins
  5 hobgoblins
  3 jackals (D:1)
  13 kobolds
  2 quokkas
  9 ball pythons
  6 frilled lizards
  6 rats
93 creatures vanquished.

Notes
Turn   | Place    | Note
-------+----------+-------------------------------------------
     0 | D:1      | qw the Naga Hunter began the quest for the Orb.
     0 | D:1      | Reached XP level 1. HP: 19/19 MP: 1/1
     0 | D:1      | 0 ||| qw: Version: 0.3-a-2-g5ab2908
     0 | D:1      | 0 ||| qw: Game counter: 368
     0 | D:1      | 0 ||| qw: Always use a shield: true
     0 | D:1      | 0 ||| qw: God list: Okawaru
     0 | D:1      | 0 ||| qw: Allow faded altars: false
     0 | D:1      | 0 ||| qw: Do Orc after D:15 true
     0 | D:1      | 0 ||| qw: Do second Lair branch before Depths: true
     0 | D:1      | 0 ||| qw: Lair rune preference: random
     0 | D:1      | 0 ||| qw: Plans: Normal
     0 | D:1      | 0 ||| PLANNING D:1-11
    76 | D:1      | Found a faded altar of an unknown god.
    79 | D:1      | 79 ||| INVOKING Spit Poison.
    83 | D:1      | 83 ||| INVOKING Spit Poison.
    88 | D:1      | 88 ||| INVOKING Spit Poison.
   169 | D:1      | 169 ||| INVOKING Spit Poison.
   195 | D:1      | 195 ||| INVOKING Spit Poison.
   201 | D:1      | 201 ||| INVOKING Spit Poison.
   202 | D:1      | Reached skill level 4 in Ranged Weapons
   202 | D:1      | Reached XP level 2. HP: 26/26 MP: 2/2
   208 | D:1      | 208 ||| INVOKING Spit Poison.
   247 | D:1      | 247 ||| INVOKING Spit Poison.
   386 | D:1      | 386 ||| INVOKING Spit Poison.
   394 | D:1      | 394 ||| INVOKING Spit Poison.
   396 | D:1      | 396 ||| UPGRADING to +0 helmet.
   401 | D:1      | 401 ||| INVOKING Spit Poison.
   617 | D:1      | 617 ||| INVOKING Spit Poison.
   621 | D:1      | Reached XP level 3. HP: 32/32 MP: 3/3
   623 | D:1      | 623 ||| INVOKING Spit Poison.
   693 | D:1      | 693 ||| INVOKING Spit Poison.
   896 | D:1      | 896 ||| READING scroll labelled JICIUN DIPTAO.
   897 | D:1      | 897 ||| READING scroll labelled COEXZE ITHRICU.
   898 | D:1      | 898 ||| READING 3 scrolls labelled LECUWNEUXE.
   899 | D:1      | 899 ||| DROPPING scroll of butterflies.
   900 | D:1      | 900 ||| DROPPING 2 scrolls of fear.
  1321 | D:2      | 1321 ||| INVOKING Spit Poison.
  1345 | D:2      | 1345 ||| INVOKING Spit Poison.
  1355 | D:2      | 1355 ||| INVOKING Spit Poison.
  1372 | D:2      | 1372 ||| INVOKING Spit Poison.
  1445 | D:2      | 1445 ||| INVOKING Spit Poison.
  1464 | D:2      | 1464 ||| INVOKING Spit Poison.
  1531 | D:2      | 1531 ||| INVOKING Spit Poison.
  1810 | D:2      | 1810 ||| DROPPING amulet of magic regeneration.
  1811 | D:2      | 1811 ||| READING scroll labelled PESIZO COEGOWAACHA.
  1812 | D:2      | 1812 ||| READING scroll labelled EBRAEM LEUX.
  1813 | D:2      | 1813 ||| DRINKING 2 smoky golden potions.
  1813 | D:2      | Gained mutation: Your tail ends in a venomous barb. [potion
                  | of mutation]
  1813 | D:2      | Lost mutation: Your tail ends in a venomous barb. [potion
                  | of mutation]
  1813 | D:2      | Gained mutation: You are clumsy. (Dex -2) [potion of
                  | mutation]
  1814 | D:2      | 1814 ||| DRINKING 2 orange potions.
  1815 | D:2      | 1815 ||| DRINKING 2 grey potions.
  1816 | D:2      | 1816 ||| DROPPING potion of degeneration.
  1836 | D:3      | 1836 ||| INVOKING Spit Poison.
  1850 | D:3      | 1850 ||| FLEEEEING.
  1851 | D:3      | 1851 ||| FLEEEEING.
  1852 | D:3      | 1852 ||| FLEEEEING.
  1855 | D:3      | 1855 ||| INVOKING Spit Poison.
  1924 | D:3      | 1924 ||| INVOKING Spit Poison.
  1930 | D:3      | 1930 ||| INVOKING Spit Poison.
  1932 | D:3      | Reached skill level 5 in Ranged Weapons
  1932 | D:3      | Reached XP level 4. HP: 38/39 MP: 4/4
  1958 | D:3      | 1958 ||| INVOKING Spit Poison.
  1988 | D:3      | 1988 ||| INVOKING Spit Poison.
  1995 | D:3      | 1995 ||| INVOKING Spit Poison.
  2005 | D:3      | 2005 ||| INVOKING Spit Poison.
  2009 | D:3      | 2009 ||| INVOKING Spit Poison.
  2015 | D:3      | 2015 ||| INVOKING Spit Poison.
  2054 | D:3      | Found a burning altar of Makhleb.
  2082 | D:3      | 2082 ||| INVOKING Spit Poison.
  2109 | D:3      | 2109 ||| INVOKING Spit Poison.
  2143 | D:3      | 2143 ||| INVOKING Spit Poison.
  2146 | D:3      | 2146 ||| INVOKING Spit Poison.
  2237 | D:3      | Found an ornate altar of the Wu Jian Council.
  2308 | D:3      | 2308 ||| READING scroll labelled NOFONW LITUAGAIBYS.
  2309 | D:3      | 2309 ||| READING scroll labelled TAODAM ROIR.
  2310 | D:3      | 2310 ||| DRINKING 2 fizzy cyan potions.
  2329 | D:4      | 2329 ||| INVOKING Spit Poison.
  2333 | D:4      | 2333 ||| INVOKING Spit Poison.
  2369 | D:4      | 2369 ||| INVOKING Spit Poison.
  2387 | D:4      | 2387 ||| INVOKING Spit Poison.
  2391 | D:4      | Reached skill level 3 in Fighting
  2391 | D:4      | Reached XP level 5. HP: 44/49 MP: 5/5
  2391 | D:4      | 2391 ||| INVOKING Spit Poison.
  2396 | D:4      | 2396 ||| INVOKING Spit Poison.
  2400 | D:4      | 2400 ||| INVOKING Spit Poison.
  2438 | D:4      | 2438 ||| INVOKING Spit Poison.
  2565 | D:4      | 2565 ||| INVOKING Spit Poison.
  2568 | D:4      | 2568 ||| INVOKING Spit Poison.
  2623 | D:4      | 2623 ||| INVOKING Spit Poison.
  2624 | D:4      | 2624 ||| INVOKING Spit Poison.
  2638 | D:4      | 2638 ||| INVOKING Spit Poison.
  2642 | D:4      | 2642 ||| INVOKING Spit Poison.
  2673 | D:4      | 2673 ||| INVOKING Spit Poison.
  2674 | D:4      | 2674 ||| INVOKING Spit Poison.
  2706 | D:4      | 2706 ||| INVOKING Spit Poison.
  2711 | D:4      | 2711 ||| INVOKING Spit Poison.
  2735 | D:4      | 2735 ||| INVOKING Spit Poison.
  2771 | D:4      | 2771 ||| INVOKING Spit Poison.
  2773 | D:4      | Reached XP level 6. HP: 56/56 MP: 6/6
  2827 | D:4      | 2827 ||| INVOKING Spit Poison.
  2833 | D:4      | Reached skill level 6 in Ranged Weapons
  2890 | D:4      | 2890 ||| INVOKING Spit Poison.
  2893 | D:4      | 2893 ||| INVOKING Spit Poison.
  2913 | D:4      | 2913 ||| READING scroll of enchant weapon.
  2913 | D:4      | 2913 ||| ENCHANTING +1 shortbow.
  2935 | D:4      | 2935 ||| INVOKING Spit Poison.
  2994 | D:4      | 2994 ||| UPGRADING to +6 ring of strength.
  3008 | D:5      | Entered Level 5 of the Dungeon
  3010 | D:5      | 3010 ||| INVOKING Spit Poison.
  3015 | D:5      | 3015 ||| STAIRDANCE
  3060 | D:5      | 3060 ||| INVOKING Spit Poison.
  3066 | D:5      | 3066 ||| INVOKING Spit Poison.
  3072 | D:5      | Reached XP level 7. HP: 36/64 MP: 7/7
  3179 | D:5      | 3179 ||| INVOKING Spit Poison.
  3261 | D:5      | 3261 ||| INVOKING Spit Poison.
  3262 | D:5      | 3262 ||| Stepping ~*~*~tactically~*~*~ (outnumbered).
  3266 | D:5      | 3266 ||| INVOKING Spit Poison.
  3268 | D:5      | Reached skill level 7 in Ranged Weapons
  3269 | D:5      | 3269 ||| INVOKING Spit Poison.
  3273 | D:5      | 3273 ||| INVOKING Spit Poison.
  3276 | D:5      | 3276 ||| INVOKING Spit Poison.
  3280 | D:5      | 3280 ||| INVOKING Spit Poison.
  3282 | D:5      | HP: 15/64 [gnoll bouda/+0 club (5)]
  3283 | D:5      | 3283 ||| DRINKING 2 potions of heal wounds.
  3284 | D:5      | 3284 ||| INVOKING Spit Poison.
  3286 | D:5      | Slain by a gnoll

Levels and vault maps discovered:
D:1:      dpeg_arrival_signposts, layout_basic,
          shapermc_ecumenical_altar_rom_forum, serial_park_tiny_2,
          minmay_misc_feat_pillars, minmay_misc_feat_x, minmay_pentomino_x2
D:2:      minmay_spotlight, layout_basic
D:3:      layout_rooms, lightli_temple_of_fire, nzn_wu_jian_council_hall,
          minmay_close_crescents
D:4:      cheibrodos_quashed, layout_gridville
D:5:      layout_loops_ring, fedhas_altar_4, nicolae_uskayaw_suspiria,
          minmay_temple_entry_tees, serial_shops, shop, st_stairs_11,
          grunt_tough_drop

Skill      XL: |  1  2  3  4  5  6  7 |
---------------+----------------------+-----
Ranged Weapons | 4 5 6 7 |  7.0
Fighting       | 3 4 |  4.0
Dodging        | |  1.9
Stealth        | |  1.5

Action                     |  1- 3 |  4- 6 |  7- 9 || total
---------------------------+-------+-------+-------++-------
   Fire: Shortbow          |    54 |   105 |    18 ||   177
Ability: Spit Poison       |    25 |    35 |     8 ||    68
    Use: Scroll            |     5 |     3 |       ||     8
         Potion            |     3 |     1 |     1 ||     5
 Armour: Leather armour    |     7 |    17 |     6 ||    30
  Dodge: Dodged            |    12 |    29 |    12 ||    53

Table legend:
 A = Non-vault XP
 B = Vault XP
 C = Vault XP percentage of total XP
 D = Non-vault monster count
 E = Vault monster count
 F = Vault count percentage of total count
                 A         B        C        D         E       F
            +---------+---------+-------+---------+---------+-------
      Total |     655 |     146 |  18.2 |      85 |       8 |   8.6
            +---------+---------+-------+---------+---------+-------
        D:1 |      35 |       4 |  10.3 |      22 |       2 |   8.3
        D:2 |      29 |       1 |   3.3 |      12 |       1 |   7.7
        D:3 |      43 |       3 |   6.5 |      15 |       2 |  11.8
        D:4 |     286 |      45 |  13.6 |      28 |       1 |   3.4
        D:5 |     262 |      93 |  26.2 |       8 |       2 |  20.0
            +---------+---------+-------+---------+---------+-------
